 Dungeon Crawl Stone Soup version 0.30-a0-339-g89bb51ec76 (webtiles) character file.

Game seed: 15824915917318652668

5 Lanoc the Sneak (level 1, 0/10 HPs)
             Began as a Kobold Enchanter on Oct 31, 2022.
             Slain by a quokka (3 damage)
             ... on level 1 of the Dungeon.
             The game lasted 00:00:27 (81 turns).

Lanoc the Sneak (Kobold Enchanter)                    Turns: 81, Time: 00:00:27

Health: 0/10       AC:  2    Str:  5    XL:     1   Next: 88%
Magic:  3/3        EV: 15    Int: 16    God:
Gold:   0          SH:  0    Dex: 15    Spells: 4/4 levels left

rFire   . . .      SeeInvis .    a - +1 dagger
rCold   . . .      Faith    .    (no shield)
rNeg    . . .      Spirit   .    b - +0 robe
rPois   .          Reflect  .    (no helmet)
rElec   .          Harm     .    (no cloak)
rCorr   .          Rampage  .    (no gloves)
Will    .....                    (no boots)
Stlth   ++++......               (no amulet)
HPRegen 0.21/turn                (no ring)
MPRegen 0.08/turn                (no ring)

@: no status effects
A: small, no large weapons, nightstalker 3
a: no special abilities


You were on level 1 of the Dungeon.
You visited 1 branch of the dungeon, and saw 1 of its levels.

Inventory:

Hand Weapons
 a - a +1 dagger (weapon)
Armour
 b - a +0 robe (worn)
Scrolls
 d - a scroll of identify {unknown}
 e - a scroll of enchant weapon {unknown}
Potions
 c - 2 potions of invisibility


   Skills:
 * Level 1.9 Short Blades
 + Level 2.5 Dodging
 * Level 4.2 Stealth
 - Level 2.1 Spellcasting
 - Level 3.0 Hexes


You had 4 spell levels left.
You didn't know any spells.
Your spell library contained the following spells:

 Spells                   Type           Power      Damage    Failure   Level
 Ensorcelled Hibernation  Hex/Ice        12%        N/A       17%         2
 Confusing Touch          Hex            11%        N/A       19%         3
 Tukima's Dance           Hex            11%        N/A       19%         3
 Dazzling Flash           Conj/Hex       12%        N/A       32%         3


Dungeon Overview and Level Annotations

Branches:
Dungeon (1/15)

Altars:


Innate Abilities, Weirdness & Mutations

You are small and have problems with some larger weapons.
You are completely attuned to the shadows.


Message History

d - a scroll labelled GACOTA NOKH
e - a scroll labelled LIRPHY TUVEOF A rat comes into view.
A rat is nearby!
A ball python comes into view.
A quokka comes into view.
The helpless rat fails to defend itself.
You impale the rat!!
You kill the rat!
Found a glowing purple potion.
The quokka misses you.
The ball python hisses angrily.
You barely miss the ball python. The ball python bites you.
The ball python grabs you. The ball python constricts you.
A giant cockroach comes into view.
An endoplasm comes into view.
The quokka closely misses you.
You hit the ball python.
You kill the ball python!
The quokka misses you.
You hit the quokka.
The quokka is severely wounded.
The quokka barely misses you.
You closely miss the quokka.
The quokka is severely wounded.
The giant cockroach barely misses you. The quokka bites you.
You are too injured to fight recklessly!
You are too injured to fight recklessly!
You are too injured to fight recklessly!
You closely miss the quokka.
The quokka is severely wounded.
The quokka barely misses you. The giant cockroach misses you.
The endoplasm barely misses you.
You closely miss the quokka.
The quokka is severely wounded.
The quokka bites you.
* * * LOW HITPOINT WARNING * * *
The giant cockroach barely misses you.
You barely miss the quokka.
The quokka is severely wounded.
The quokka bites you.
You die...

#.......# .#
#.##>#.###.#
#.##.##.#..#
#.##.......>
#.##......... ..
#.##.#..###.##.#
#..............###
####........#JB...
#.........@#
#.......#..r..! ..
#.......#..#.##
.##.##..........#.#
.............#..# .
P~~P.P~~P.......
≈≈~≈.~≈≈~......
~≈≈~.~≈≈~.##
~~~≈.~~~~.#


You could see an endoplasm, a quokka and a giant cockroach.

Vanquished Creatures
  2 ball pythons (D:1)
  2 endoplasms (D:1)
  A rat (D:1)
5 creatures vanquished.

Notes
Turn   | Place    | Note
-------+----------+-------------------------------------------
     0 | D:1      | Lanoc the Kobold Enchanter began the quest for the Orb.
     0 | D:1      | Reached XP level 1. HP: 10/10 MP: 3/3
    81 | D:1      | Slain by a quokka

Illustrated notes

Levels and vault maps discovered:
D:1:      giann_bridges, layout_loops_cross, minmay_tromino_mix6

Action                   || total
-------------------------++-------
Melee: Dagger            ||    16
 Stab: Sleeping          ||     2
Armor: Robe              ||     1
Dodge: Dodged            ||    16

Table legend: (Time is in decaauts)
 A = Elapsed time spent in this place.
 B = Non-inter-level travel time spent in this place.
 C = Inter-level travel time spent in this place.
 D = Time resting spent in this place.
 E = Time spent auto-exploring this place.
 F = Levels seen in this place.
 G = Mean time per level.
                   A        B        C        D        E       F      G
               +--------+--------+--------+--------+--------+-----+--------+
         Total |     80 |     80 |      0 |      0 |     49 |   1 |   80.0 |
       Dungeon |     80 |     80 |      0 |      0 |     49 |   1 |   80.0 |
               +--------+--------+--------+--------+--------+-----+--------+

Top non-repeatable levels by time:
     D:1: 80 daAuts
